 Dungeon Crawl Stone Soup version 0.30-a0-1164-ge08a67761e (webtiles) character file.

Game seed: 2098408207751679593

2903 GloriousHammer the Magician (level 9, 0/38 (45) HPs)
             Began as a Tengu Hedge Wizard on Apr 29, 2023.
             Was a Follower of Vehumet.
             Killed from afar by an acid dragon (38 damage)
             ... with a splash of acid
             ... on level 9 of the Dungeon on Apr 30, 2023.
             The game lasted 00:35:11 (10634 turns).

GloriousHammer the Magician (Tengu Hedge Wizard)   Turns: 10634, Time: 00:35:12

HP:   0/38 (45)     AC:  4    Str: 10    XL:     9   Next: 78%
MP:   17/20         EV: 20    Int: 17    God:    Vehumet [*.....]
Gold: 143           SH:  0    Dex: 16    Spells: 1/21 levels left

rFire   . . .        b - +0 shortbow
rCold   . . .        (shield currently unavailable)
rNeg    . . .        C - +1 animal skin
rPois   .            c - +0 hat
rElec   .            (no cloak)
rCorr   .            o - +0 pair of gloves
SInv    .            (boots unavailable)
Will    .....        (no amulet)
Stlth   ++           E - +5 ring of evasion
HPRegen 0.26/turn    (no ring)
MPRegen 0.17/turn

%: no passive effects
@: flying quickly and evasively, heavily drained, quick
A: beak, talons 3, nimble flight
a: Renounce Religion


You were on level 9 of the Dungeon.
You worshipped Vehumet.
Vehumet was aware of your devotion.
You visited 2 branches of the dungeon, and saw 9 of its levels.

You collected 258 gold pieces.
You spent 115 gold pieces at shops.

Inventory:

Hand Weapons
 a - a +2 mace of protection
 b - a +0 shortbow (weapon)
 k - a +0 dagger of venom
 x - a +0 flail
Missiles
 j - 4 throwing nets
 q - 4 boomerangs
 r - 9 poisoned darts
Armour
 c - a +0 hat (worn)
 o - a +0 pair of gloves (worn)
 C - a +1 animal skin (worn)
Magical Staves
 z - a staff of air
Jewellery
 D - a +6 ring of dexterity
 E - a +5 ring of evasion (left hand)
Wands
 h - a wand of flame (4)
 B - a wand of paralysis (3)
Scrolls
 f - 2 scrolls of silence
 n - 2 scrolls of blinking
 s - 2 scrolls of teleportation
 t - a scroll of amnesia {unknown}
 u - a scroll of magic mapping {unknown}
 w - 2 scrolls of enchant weapon
 y - 2 scrolls of noise
 G - a scroll of fog {unknown}
 H - a scroll of poison {unknown}
Potions
 d - a potion of magic
 e - 3 potions of brilliance
 g - a potion of mutation
 i - 2 potions of cancellation {unknown}
 l - 3 potions of might
 m - a potion of attraction {unknown}
 p - 2 potions of ambrosia {unknown}
 v - a potion of heal wounds {unknown}
 A - a potion of invisibility {unknown}
 F - a potion of degeneration {unknown}


   Skills:
 + Level 0.0 Fighting
 + Level 4.1 Ranged Weapons
 + Level 2.1 Dodging
 - Level 2.0 Stealth
 + Level 6.8 Spellcasting
 + Level 6.1 Conjurations
 - Level 3.9 Summonings
 - Level 4.9 Translocations
 + Level 0.0 Fire Magic
 - Level 6.0 Air Magic
 - Level 4.6 Poison Magic


You had one spell level left.
You knew the following spells:

 Your Spells              Type           Power      Damage    Failure   Level
a - Magic Dart            Conj           100%       1d8       1%          1
b - Call Imp              Summ           38%        N/A       3%          2
c - Blink                 Tloc           44%        N/A       2%          2
d - Cigotuvi's Dreadful   Necr/Pois/Air  34%        N/A       4%          2
e - Mephitic Cloud        Conj/Pois/Air  24%        N/A       3%          3
f - Iskenderun's Mystic   Conj/Tloc      24%        2d7       12%         4
g - Swiftness             Air            26%        N/A       3%          3
h - Volatile Blastmotes   Fire/Tloc      28%        2d12      13%         3

Your spell library contained the following spells:

 Spells                   Type           Power      Damage    Failure   Level
 Foxfire                  Conj/Fire      64%        2x1d7     3%          1
 Sandblast                Erth           10%        2d5       12%         1
 Slow                     Hex            20%        N/A       12%         1
 Dazzling Flash           Conj/Hex       32%        N/A       10%         3
 Stone Arrow              Conj/Erth      32%        3d9       10%         3
 Ensorcelled Hibernation  Hex/Ice        10%        N/A       19%         2
 Passwall                 Tmut/Erth      4%         N/A       19%         2
 Starburst                Conj/Fire      8%         6d4       99%         6


Dungeon Overview and Level Annotations

Branches:
Dungeon (7/15)             Temple (1/1) D:4            Lair (0/5) D:9

Altars:
Ashenzari
Cheibriados
Dithmenos
Elyvilon
Gozag
Hepliaklqana
Kikubaaqudgha
Makhleb
Nemelex Xobeh
Okawaru
Qazlal
Trog
Uskayaw
Vehumet
Wu Jian
Xom
Yredelemnul
Zin
The Shining One

Shops:
D:3 ?

Annotations:
D:2 Sigmund
D:4 Duvessa


Innate Abilities, Weirdness & Mutations

You have a beak for a mouth.
You have claws for feet.
Your magical nature lets you fly swiftly and evasively.


Message History

Your cerulean imp barely misses the wight.
The wight barely misses your cerulean imp.
Your cerulean imp hits the wight with a -3 spear.
The wight closely misses your cerulean imp.
Your cerulean imp barely misses the wight.
The wight closely misses your cerulean imp.
Your cerulean imp hits the wight but does no damage.
The wight hits your cerulean imp with a +0 spear!
Your cerulean imp dies!
Your cerulean imp disappears in a puff of smoke!
You shoot an arrow. The arrow hits the wight.
The wight is heavily damaged.
You shoot an arrow. The arrow closely misses the wight.
You shoot an arrow.
The arrow hits the wight but does no damage.
The wight is heavily damaged.
You shoot an arrow. The arrow hits the wight.
The wight is severely damaged.
The wight hits you from afar with a +0 spear.
The wight barely misses you.
You shoot an arrow.
The arrow hits the wight but does no damage.
The wight is severely damaged.
The wight barely misses you.
You shoot an arrow.
The arrow hits the wight but does no damage.
The wight is heavily damaged.
The wight barely misses you.
You shoot an arrow. The arrow hits the wight.
The wight is severely damaged.
The wight closely misses you.
You shoot an arrow. The arrow completely misses the wight.
The wight hits you from afar with a +0 spear! x2
* * * LOW HITPOINT WARNING * * *
You feel drained.
Casting: Call Imp (safe; 3% risk of failure)
Confirm with . or Enter, or press ? or * to list all spells.
A tiny devil pulls itself out of the air.
The wight completely misses you.
You swap places.
Your cerulean imp barely misses the wight.
The wight misses you.
Your cerulean imp hits the wight but does no damage.
The wight hits your cerulean imp with a +0 spear.
Your cerulean imp hits the wight but does no damage.
The wight hits your cerulean imp with a +0 spear!
Your cerulean imp dies!
Your cerulean imp disappears in a puff of smoke!
Unknown command.
You are too injured to fight recklessly!
Unknown command.
Fire: b) +0 shortbow
Press: ? - help, Q - select action, (/) - cycle Shift-Dir - straight line, f/p - wight
Aim: a wight, wielding a +0 spear and wearing a +0 robe (severely damaged, 62% to hit)
You shoot an arrow. The arrow hits the wight!
You destroy the wight!
Vehumet accepts your kill.
You start resting.
Magic restored.
You start resting.
HP restored.
Things that are here:
a +0 spear; a +0 robe
Things that are here:
a +2 heavy hand axe; a +0 robe
Casting: Call Imp (safe; 3% risk of failure)
Confirm with . or Enter, or press ? or * to list all spells.
Okay, then.
This spell is dangerous to cast!
Memorise Stone Arrow, consuming 3 spell levels and leaving 1?
Okay, then.
This spell is quite dangerous to cast!
Memorise Volatile Blastmotes, consuming 3 spell levels and leaving 1?
You start memorising the spell.
You continue memorising. x3
You finish memorising.
Spell assigned to 'h'.
h - a wand of flame (4)
There are no items here.
You shoot an arrow. The acid dragon roars!
The arrow hits the acid dragon.
The acid dragon is moderately wounded.
Casting: Call Imp (safe; 3% risk of failure)
Confirm with . or Enter, or press ? or * to list all spells.
A tiny devil pulls itself out of the air.
You shoot an arrow. The arrow hits the acid dragon.
The acid dragon is moderately wounded.
You shoot an arrow.
The arrow barely misses the acid dragon.
Your cerulean imp hits the acid dragon but does no damage.
Casting: Call Imp (safe; 3% risk of failure)
Confirm with . or Enter, or press ? or * to list all spells.
Aiming: Magic Dart (safe; 1% risk of failure)
Press: ? - help, Shift-Dir - straight line, f/p - acid dragon
Aim: an acid dragon (moderately wounded, ally target, 100% to hit)
The magic dart hits the acid dragon.
The acid dragon is moderately wounded.
The acid dragon spits acid at you. The splash of acid hits you!!!
Ouch! That really hurt!
You die...

#.........z...gz.g...#
+.....#.....#.######.#
#.....#.....#....#.#.#
#..........###.##.#.#####
#>.#....#[....#...##........
..............#.# ##.#.#####
.........5....#'## #.#.#
##.#.#..D........# # #.#
...........@.....# #.#.#
######.#.#.####......# #.#.#####
#....#.#.#....'......# #........
#....#+#+######......#####.#####
.........#.....................
#......g'........#######.#####
#......g#........# #.#####
#...g...#........# #..))..
#...gg..#........#############


You could see an acid dragon (catching breath, ally target) and a friendly
cerulean imp (summoned).

Vanquished Creatures
  4 yaks (D:9)
  A wyvern (D:7)
  A steam dragon (D:6)
  2 ice beasts
  An ogre (D:5)
  A centaur (D:6)
  A phantom (D:5)
  A kobold brigand (D:6)
  4 scorpions
  3 wights (D:9)
  Dowan (D:4)
  3 killer bees
  2 howler monkeys
  2 hounds (D:5)
  3 jellies
  An orc priest (D:6)
  4 iguanas
  Ijyb (D:5)
  A sleepcap (D:6)
  Natasha (twice) (D:2)
  An orc wizard (D:6)
  Robin (D:2)
  9 gnolls
  7 adders
  A shadow imp (D:6)
  3 worms
  A dart slug (D:2)
  18 orcs
  8 bats
  6 endoplasms
  A giant cockroach (D:4)
  9 goblins
  4 hobgoblins (D:2)
  2 jackals (D:4)
  6 kobolds
  4 quokkas
  7 ball pythons
  A frilled lizard (D:3)
  8 rats
136 creatures vanquished.

Vanquished Creatures (collateral kills)
  Menkaure (D:4)
  A howler monkey (D:9)
  A jelly (D:5)
  Natasha (D:2)
  An adder (D:5)
  A gnoll (D:4)
  4 orcs
  An endoplasm (D:4)
  A giant cockroach (D:4)
  3 goblins (D:2)
  2 hobgoblins (D:2)
  2 jackals (D:4)
  A quokka (D:2)
  A ball python (D:4)
21 creatures vanquished.

Grand Total: 157 creatures vanquished

Notes
Turn   | Place    | Note
-------+----------+-------------------------------------------
     0 | D:1      | GloriousHammer the Tengu Hedge Wizard began the quest for
                  | the Orb.
     0 | D:1      | Reached XP level 1. HP: 10/10 MP: 5/5
   237 | D:1      | Reached skill level 1 in Translocations
   270 | D:1      | Reached XP level 2. HP: 15/15 MP: 2/7
  1141 | D:2      | Reached XP level 3. HP: 11/19 MP: 1/8
  1429 | D:2      | Learned a level 2 spell: Call Imp
  1432 | D:2      | Learned a level 2 spell: Blink
  1474 | D:2      | Noticed Natasha
  1486 | D:2      | Killed Natasha
  1591 | D:2      | Reached XP level 4. HP: 24/24 MP: 0/10
  1778 | D:2      | Noticed Sigmund
  1961 | D:2      | Noticed Natasha
  1967 | D:2      | Killed Natasha
  2106 | D:2      | Noticed Robin
  2148 | D:2      | Killed Robin
  2149 | D:2      | Gained mutation: Your magical nature lets you fly swiftly
                  | and evasively. [Tengu growth]
  2149 | D:2      | Reached XP level 5. HP: 19/28 MP: 2/11
  2484 | D:2      | Noticed Natasha
  2494 | D:2      | Killed Natasha
  3049 | D:3      | Found a radiant altar of Vehumet.
  3811 | D:3      | Found Waqong's Magic Scroll Boutique.
  3867 | D:3      | Bought a scroll of teleportation for 33 gold pieces
  4139 | D:3      | Identified the staff of cold "Suirhats" {rElec rC+ Dex+2
                  | SInv}
  4241 | D:4      | Reached XP level 6. HP: 13/32 MP: 2/12
  4571 | D:3      | Bought a scroll of blinking for 82 gold pieces
  4599 | D:4      | Noticed Duvessa
  4601 | D:4      | Noticed Dowan
  4680 | D:4      | Found a staircase to the Ecumenical Temple.
  4695 | D:4      | Noticed Menkaure
  4934 | D:3      | Learned a level 2 spell: Cigotuvi's Dreadful Rot
  4938 | D:3      | Learned a level 3 spell: Mephitic Cloud
  5055 | D:4      | Killed Menkaure
  5056 | D:4      | Reached skill level 1 in Air Magic
  5056 | D:4      | Reached skill level 1 in Poison Magic
  5056 | D:4      | Reached XP level 7. HP: 11/36 MP: 6/14
  5228 | Temple   | Entered the Ecumenical Temple
  5803 | D:4      | Killed Dowan
  6066 | D:3      | Became a worshipper of Vehumet
  6363 | D:5      | Entered Level 5 of the Dungeon
  6539 | D:5      | Learned a level 4 spell: Iskenderun's Mystic Blast
  6668 | D:5      | Noticed Ijyb
  6672 | D:5      | Paralysed by Ijyb for 2 turns
  6690 | D:5      | Paralysed by Ijyb for 2 turns
  6701 | D:5      | Killed Ijyb
  6895 | D:5      | Reached XP level 8. HP: 41/41 MP: 10/16
  6994 | D:5      | Reached skill level 5 in Spellcasting
  7283 | D:5      | Found a sparkling altar of Nemelex Xobeh.
  7283 | D:5      | Found an opulent altar of Gozag.
  7801 | D:6      | Reached skill level 5 in Air Magic
  8270 | D:6      | Reached skill level 1 in Ranged Weapons
  8785 | D:6      | Reached * piety under Vehumet
  8785 | D:6      | Offered knowledge of Foxfire by Vehumet.
  8807 | D:6      | Reached XP level 9. HP: 45/45 MP: 9/18
  9287 | D:7      | Learned a level 3 spell: Swiftness
  9879 | D:7      | You are sucked into a shaft and drop 2 floors!
  9916 | D:9      | Reached skill level 5 in Conjurations
 10109 | D:9      | Found a staircase to the Lair.
 10147 | D:9      | HP: 1/40 [poisoned by you (dark miasma)]
 10223 | D:9      | HP: 2/40 [wight/+2 heavy hand axe (5)]
 10598 | D:9      | Learned a level 3 spell: Volatile Blastmotes
 10634 | D:9      | Killed from afar by an acid dragon

Illustrated notes

Levels and vault maps discovered:
D:1:      dpeg_arrival_rhombi, layout_basic
D:2:      layout_loops_ring, minivault_26, uniq_robin, uniq_sigmund,
          uniq_natasha
D:3:      layout_basic, fiery_altar_vehumet, serial_shops, shop,
          grunt_ministairs_2, minmay_checkerbox
D:4:      layout_cave_pools, minmay_temple_entry_glass, serial_shops, shop,
          uniq_duvessa, uniq_crazy_yiuf_cottage, uniq_menkaure
D:5:      kennysheep_six_static_rooms, layout_rooms,
          grunt_temple_overflow_opulence, nrook_uturn, uniq_ijyb
D:6:      layout_basic
D:7:      nicolae_cairo_tiling_large, layout_gridville,
          mainiacjoe_overflow_surrounded_room
D:9:      layout_basic, lair_entry_dummy, amcnicky_mini_corridor_feature
Temple:   regret_index_temple_sphere_string

Skill      XL: |  1  2  3  4  5  6  7  8  9 |
---------------+----------------------------+-----
Translocations | 1 2 3 4 |  4.9
Conjurations   | 2 3 4 6 |  6.1
Summonings     | 2 3 |  3.9
Spellcasting   | 4 5 6 |  6.8
Air Magic      | 1 3 5 6 |  6.0
Poison Magic   | 1 2 4 |  4.6
Ranged Weapons | 1 4 |  4.1
Dodging        | |  2.1
Stealth        | |  2.0

Action                     |  1- 3 |  4- 6 |  7- 9 || total
---------------------------+-------+-------+-------++-------
  Melee: Dagger            |    13 |       |       ||    13
         Kick              |     2 |    11 |    35 ||    48
         Peck              |     3 |    13 |    22 ||    38
         Rapier            |       |    17 |       ||    17
         Mace              |       |    38 |    91 ||   129
         Punch             |       |     2 |     4 ||     6
   Fire: Shortbow          |       |       |   195 ||   195
  Throw: Dart              |       |     6 |     2 ||     8
         Boomerang         |       |     1 |     2 ||     3
   Cast: Magic Dart        |    65 |   112 |    97 ||   274
         Call Imp          |     3 |    19 |    37 ||    59
         Mephitic Cloud    |       |       |    22 ||    22
         Blink             |       |       |    16 ||    16
         Iskenderun's Myst |       |       |     4 ||     4
         Cigotuvi's Dreadf |       |       |     2 ||     2
         Swiftness         |       |       |     1 ||     1
  Evoke: Wand              |       |       |    10 ||    10
    Use: Potion            |     1 |       |     3 ||     4
         Scroll            |       |     5 |     2 ||     7
   Stab: Paralysed         |       |       |    10 ||    10
 Armour: Robe              |     2 |     3 |       ||     5
         Animal skin       |       |    11 |    29 ||    40
  Dodge: Dodged            |    23 |   114 |   226 ||   363

Table legend: (Time is in decaauts)
 A = Elapsed time spent in this place.
 B = Non-inter-level travel time spent in this place.
 C = Inter-level travel time spent in this place.
 D = Time resting spent in this place.
 E = Time spent auto-exploring this place.
 F = Levels seen in this place.
 G = Mean time per level.
                   A        B        C        D        E       F      G
               +--------+--------+--------+--------+--------+-----+--------+
         Total |  10444 |  10071 |    373 |   4115 |   3478 |   9 | 1160.4 |
       Dungeon |  10193 |   9830 |    363 |   4057 |   3360 |   8 | 1274.1 |
        Temple |    251 |    242 |      9 |     58 |    117 |   1 |  251.0 |
               +--------+--------+--------+--------+--------+-----+--------+

Top non-repeatable levels by time:
     D:3: 2785 daAuts
     D:6: 1823 daAuts
     D:2: 1444 daAuts
     D:5: 1196 daAuts
     D:1: 1085 daAuts
     D:9: 747 daAuts
     D:4: 670 daAuts
     D:7: 440 daAuts
  Temple: 251 daAuts
